 Dungeon Crawl Stone Soup version 0.26-a0-651-gb41185065b (webtiles) character file.

Game seed: 15277738313406123643

(classic levelgen) 26619 EnegeticOcto the Severer (level 12, 81/110 HPs)
             Began as a Deep Dwarf Fighter on Oct 22, 2020.
             Was an Elder of Ru.
             Quit the game on level 3 of the Lair of Beasts.
             The game lasted 00:28:33 (3925 turns).

EnegeticOcto the Severer (Deep Dwarf Fighter)       Turns: 3925, Time: 00:28:34

Health: 81/110     AC: 19    Str: 24    XL:     12   Next: 99%
Magic:  21/21 (11) EV: 10    Int: 14    God:    Ru [****..]
Gold:   98         SH: 11    Dex: 13    Spells: 22/22 levels left

rFire    + . .     SeeInvis .   a - +0 broad axe
rCold    . . .     Faith    .   c - +0 kite shield
rNeg     . . .     Spirit   .   f - +4 chain mail of the Disturbing Realms {rCorr}
rPois    .         Reflect  .   b - +3 hat of Pondering {ponderous, MR+ MP+10 Int+5}
rElec    .         Harm     .   g - +0 cloak
rCorr    +         Rampage  .   y - +0 pair of gloves
MR       +....                  (no boots)
Stlth    ..........             (no amulet)
HPRegen  0.00/turn              v - +4 ring of evasion
MPRegen  0.17/turn              w - ring of protection from fire

@: non-regenerating, drained, slow
A: damage resistance, heal wounds, sense surroundings 2, inability to train
dodging, magic vulnerability 1, inexperienced 1, no regeneration
a: Heal Wounds, Draw Out Power, Power Leap, Renounce Religion


You were on level 3 of the Lair of Beasts.
You worshipped Ru.
Ru was greatly pleased with you.
You visited 4 branches of the dungeon, and saw 19 of its levels.

You collected 1125 gold pieces.
You spent 1027 gold pieces at shops.

Inventory:

Hand Weapons
 a - a +0 broad axe (weapon)
Armour
 b - the +3 hat of Pondering (worn) {ponderous, MR+ MP+10 Int+5}
   (You took it off Gastronok on level 1 of the Lair of Beasts)

   It affects your intelligence (+5).
   It affects your resistance to hostile enchantments.
   It affects your magic capacity (+10).
 c - a +0 kite shield (worn)
 f - the +4 chain mail of the Disturbing Realms (worn) {rCorr}
   (You bought it in a shop on level 2 of the Orcish Mines)

   It provides partial protection from all sources of acid and corrosion.
 g - a +0 cloak (worn)
 k - a +0 plate armour of positive energy
 y - a +0 pair of gloves (worn)
Jewellery
 v - a +4 ring of evasion (left hand)
 w - a ring of protection from fire (right hand)
 A - an uncursed ring of ice
Wands
 e - a wand of disintegration (12)
 i - a wand of digging (5) {@v3}
 n - a wand of acid (7) {@v1}
 r - a wand of paralysis (7)
Scrolls
 j - 2 scrolls of teleportation {@r3}
 l - a scroll of immolation {@r4}
 p - a scroll of enchant weapon
 s - a scroll of fog
 t - 2 scrolls of magic mapping {@r5}
Potions
 d - a potion of might {@q3}
 h - 2 potions of stabbing
 m - a potion of magic
 o - 2 potions of flight
 u - a potion of heal wounds {unknown}
 x - a potion of brilliance
 z - 4 potions of curing {@q1}
Miscellaneous
 V - a condenser vane (1/2)


   Skills:
 + Level 7.9(7.2) Fighting
 - Level 18.4(17.5) Axes
 + Level 6.9(6.3) Armour
 + Level 6.9(6.3) Shields
 + Level 5.5(4.9) Spellcasting
 * Level 2.0(1.4) Evocations


You had 22 spell levels left.
You didn't know any spells.
Your spell library contained the following spells:

 Spells                   Type           Power        Failure   Level
 Magic Dart               Conj           #...         98%         1
 Blink                    Tloc           N/A          99%         2
 Call Imp                 Summ           #.......     99%         2
 Slow                     Hex            #.......     99%         2
 Conjure Flame            Conj/Fire      #.......     100%        3
 Mephitic Cloud           Conj/Pois/Air  #.......     100%        3


Dungeon Overview and Level Annotations

Branches:
Dungeon (12/15)            Temple (1/1) D:6            Lair (4/6) D:10
  Snake (0/4) Lair:2          Orc (2/2) D:11            Elf (0/3) Orc:2
  Swamp: Lair:2-4    Shoals: Lair:2-4

Altars:
Ashenzari
Cheibriados
Elyvilon
Fedhas
Gozag
Nemelex Xobeh
Qazlal
Ru
Sif Muna
Uskayaw
Wu Jian
Yredelemnul
Zin
The Shining One
Beogh

Shops:
D:9 (!**   D:11 (   Orc:2 [(}

Annotations:
D:9 3 runed translucent doors, qborf's ghost, journeyman KoEn


Innate Abilities, Weirdness & Mutations

You are resistant to damage.
You can heal yourself by infusing magical energy.
You passively map the area around you.
You cannot train Dodging skill.
You are slightly vulnerable to magic. (MR-)
You are somewhat inexperienced. (-2 XL)
You do not regenerate.


Message History

You slash the hell rat!
The hell rat is almost dead.
You slash the hell rat!
You kill the hell rat!
You slash the wyvern!
The wyvern is moderately wounded.
You block the wyvern's attack.
You hit the wyvern.
The wyvern is moderately wounded.
You block the wyvern's attack. The wyvern bites you.
A river rat comes into view.
You barely miss the wyvern.
The wyvern is moderately wounded.
You miss the quokka. You block the quokka's attack.
The wyvern bites you but does no damage.
You slash the wyvern!
The wyvern is almost dead.
You miss the quokka. The wyvern barely misses you.
You block the quokka's attack.
You hit the wyvern.
The wyvern is almost dead.
You slash the quokka!
You kill the quokka!
The wyvern bites you but does no damage.
You slash the wyvern!
You kill the wyvern!
Your condenser vane (1/2) has regained one charge.
You closely miss the quokka.
The quokka bites you but does no damage.
You closely miss the quokka. You block the quokka's attack.
You hit the quokka but do no damage.
You redirect the quokka's attack!
The quokka closely misses the river rat.
You slice the quokka!!
You kill the quokka!
You hit the river rat.
The river rat is heavily wounded.
You slash the river rat!
You kill the river rat!
You hit the rat but do no damage. You slice the rat!!
You kill the rat!
The river rat is stunned by your will and fails to attack.
The rat misses you.
Items here: ††††.
You closely miss the river rat. You hit the rat.
You kill the rat!
The river rat closely misses you.
You barely miss the river rat. You block the river rat's attack.
You slash the river rat!
The river rat is almost dead.
You block the river rat's attack.
You closely miss the river rat.
The river rat is almost dead.
The river rat bites you but does no damage.
You slice the river rat!!
You kill the river rat!
No target in view!
No target in view!
Found 17 gold pieces.
Found 19 gold pieces.
You now have 79 gold pieces (gained 17).
You now have 98 gold pieces (gained 19).
You see here a river rat corpse.
Items here: ††††.
You see here a quokka corpse.
Evoke which item? (* to show all) (? for menu, Esc to quit)
Press: ? - help, Shift-Dir - straight line A rock wall.
The rock shatters into small pieces.
You slash the fungus!
The fungus begins to die.
The fungus is lightly damaged.
You hit the fungus.
The fungus begins to die.
You hit the fungus.
The fungus is lightly damaged.
You slash the fungus!
A nearby fungus withers and dies.
A nearby fungus withers and dies.
Found a scroll labeled BODYUJ OCLOHU.
A steam dragon comes into view.
The steam dragon hisses angrily.
You see here a scroll labeled BODYUJ OCLOHU.
As you read the scroll labeled BODYUJ OCLOHU, it crumbles to dust.
A profound silence engulfs you.
It was a scroll of silence.
The steam dragon bites you but does no damage.
The steam dragon completely misses you.
You slash the steam dragon!
The steam dragon is moderately wounded.
You slice the steam dragon!!
You kill the steam dragon!
The steam dragon scales are intact enough to wear.
Your base Evocations skill increases to level 2!
No target in view!
No target in view!
No target in view!
No target in view!
Your hearing returns.
You are a level 12 Deep Dwarf Fighter.
You are 99% of the way to level 13.
Play time: 00:28:03 (3925 turns) Are you sure you want to abandon this character and quit the game? (Confirm with "yes".)

......[....# #....†........#P....
........#### #.(.................
.P...#### #...................
#P......### #..(................
#####...#.####...................
###.....#P..............♣....
######.........................
#..............................
#.............@............)[..
#...........###...........≈≈≈..
#..........P##.P.........≈≈≈≈♣.
##..........##P.........P.♣≈≈≈≈
#.........###P..........P≈≈≈♣≈
###.......# #P...........≈♣≈≈♣
#.#.#.### #..........P..≈≈≈♣
####### #.......#..#P..≈♣P
###.......#..P....


There were no monsters in sight!

Vanquished Creatures
  Gastronok (Lair:1)
  An orc warlord (Orc:2)
  Fannar (Lair:3)
  3 hydras
  3 two-headed ogres
  An orc high priest (Orc:2)
  Nergalle (D:10)
  2 unseen horrors
  An orc knight (Orc:2)
  6 orc sorcerers
  2 elephants (Lair:4)
  Psyche (D:10)
  A black mamba (Lair:3)
  3 cane toads
  2 rime drakes
  5 trolls
  Grinder (D:6)
  4 hippogriffs
  A shadow (D:11)
  A wyvern (Lair:3)
  17 yaks
  2 basilisks
  A steam dragon (Lair:3)
  5 nagas (Lair:2)
  Menkaure (D:6)
  7 water moccasins
  2 wargs (Orc:2)
  22 orc warriors
  A black bear (D:8)
  4 ice beasts
  10 ogres
  2 centaurs
  4 crocodiles
  Blork the orc (D:4)
  9 bullfrogs
  A big kobold (D:7)
  A wyvern skeleton (D:10)
  2 scorpions
  4 killer bees (D:9)
  6 wights
  A howler monkey (D:8)
  A centaur zombie (D:8)
  A quasit (D:7)
  2 jellies
  10 orc priests
  2 hounds
  A centaur skeleton (D:5)
  14 orc wizards
  6 hell rats (Lair:3)
  8 worker ants
  A hound skeleton (D:8)
  A howler monkey skeleton (D:8)
  4 adders
  11 river rats (Lair:3)
  A shadow imp (D:9)
  A white imp (D:9)
  2 ufetubi
  3 leopard geckos
  55 orcs
  A goblin (D:3)
  2 hobgoblins (D:3)
  3 jackals (D:3)
  12 quokkas
  9 bats
  A frilled lizard (D:3)
  6 kobolds (D:7)
  10 rats (Lair:3)
312 creatures vanquished.

Vanquished Creatures (others)
  A hydra (Lair:4)
  An elephant (Lair:4)
  A crocodile (Lair:4)
  An orc (Orc:1)
  9 fungi
  23 plants
36 creatures vanquished.

Grand Total: 348 creatures vanquished

Notes
Turn   | Place    | Note
-------+----------+-------------------------------------------
     0 | D:1      | EnegeticOcto the Deep Dwarf Fighter began the quest for the
                  | Orb.
     0 | D:1      | Reached XP level 1. HP: 20/20 MP: 1/1
   107 | D:3      | Reached skill level 3 in Axes
   107 | D:3      | Reached XP level 2. HP: 25/27 MP: 2/2
   144 | D:3      | Found a sparkling altar of Nemelex Xobeh.
   145 | D:3      | Found an opulent altar of Gozag.
   178 | D:3      | Found a glowing silver altar of Zin.
   199 | D:4      | Noticed Blork the orc
   217 | D:4      | Killed Blork the orc
   217 | D:4      | Reached skill level 5 in Axes
   217 | D:4      | Reached XP level 3. HP: 27/33 MP: 3/3
   217 | D:4      | Reached XP level 4. HP: 33/40 MP: 4/4
   223 | D:5      | Entered Level 5 of the Dungeon
   255 | D:5      | Noticed an ice beast
   280 | D:5      | Killed an ice beast
   280 | D:5      | Reached skill level 6 in Axes
   280 | D:5      | Reached XP level 5. HP: 46/46 MP: 5/5
   282 | D:5      | Noticed an ogre
   317 | D:5      | Killed an ogre
   317 | D:5      | Reached skill level 7 in Axes
   317 | D:5      | Reached XP level 6. HP: 33/55 MP: 5/5
   345 | D:5      | Reached skill level 8 in Axes
   351 | D:5      | Reached XP level 7. HP: 52/61 MP: 6/6
   431 | D:6      | Noticed Grinder
   448 | D:6      | Killed Grinder
   448 | D:6      | Reached skill level 9 in Axes
   462 | D:6      | Found a staircase to the Ecumenical Temple.
   463 | D:6      | Noticed Menkaure
   469 | D:6      | Killed Menkaure
   471 | D:6      | Reached skill level 10 in Axes
   486 | Temple   | Entered the Ecumenical Temple
   527 | Temple   | Became a worshipper of Ru the Awakened
   602 | D:7      | Reached XP level 8. HP: 38/68 MP: 6/6
   608 | D:7      | Reached skill level 1 in Spellcasting
   652 | D:7      | Reached skill level 11 in Axes
   876 | D:7      | Reached skill level 12 in Axes
   876 | D:7      | Gained mutation: You passively map the area around you.
                  | [Deep Dwarf growth]
   876 | D:7      | Reached XP level 9. HP: 66/74 MP: 10/10
   995 | D:9      | Noticed a troll
  1009 | D:9      | Killed a troll
  1012 | D:9      | Found Xuujex's General Store.
  1020 | D:9      | Bought a scroll of immolation for 52 gold pieces
  1020 | D:9      | Bought a scroll of fog for 30 gold pieces
  1020 | D:9      | Bought a scroll of magic mapping for 52 gold pieces
  1100 | D:9      | Found a broken altar of Ashenzari.
  1108 | D:9      | Got a masterwork ring mail
  1118 | D:9      | Identified the +2 ring mail of Philately {rElec Int+2} (You
                  | found it on level 9 of the Dungeon)
  1118 | D:9      | Gained mutation: You are somewhat inexperienced. (-2 XL)
                  | [Ru sacrifice]
  1118 | D:9      | Reached XP level 8. HP: 45/69 MP: 7/7
  1118 | D:9      | Reached XP level 7. HP: 45/62 MP: 6/6
  1118 | D:9      | Reached * piety under Ru
  1118 | D:9      | Reached ** piety under Ru
  1142 | D:9      | Noticed a yak
  1144 | D:9      | Noticed a yak
  1144 | D:9      | Noticed a yak
  1146 | D:9      | Noticed a yak
  1147 | D:9      | Noticed a yak
  1149 | D:9      | Killed a yak
  1155 | D:9      | Killed a yak
  1155 | D:9      | Reached skill level 13 in Axes
  1164 | D:9      | Killed a yak
  1164 | D:9      | Reached XP level 8. HP: 49/72 MP: 7/7
  1196 | D:9      | Found Bomucaemus's Distillery.
  1202 | D:9      | Found Ikhleb's Antique Weapon Boutique.
  1240 | D:9      | Bought a potion of might for 48 gold pieces
  1306 | D:9      | Found a basalt altar of Yredelemnul.
  1306 | D:9      | Noticed a two-headed ogre
  1377 | D:9      | Found Gith's Assorted Antiques.
  1389 | D:10     | Entered Level 10 of the Dungeon
  1389 | D:10     | Noticed Psyche
  1408 | D:10     | Killed Psyche
  1408 | D:10     | Reached skill level 5 in Fighting
  1408 | D:10     | Reached XP level 9. HP: 69/81 MP: 7/7
  1452 | D:10     | Noticed a troll
  1460 | D:10     | Reached skill level 14 in Axes
  1462 | D:10     | Killed a troll
  1485 | D:10     | Noticed Nergalle
  1521 | D:10     | Killed Nergalle
  1525 | D:9      | Found a runed translucent gate.
  1525 | D:9      | Found a runed translucent gate.
  1533 | D:9      | Found a runed translucent gate.
  1535 | D:9      | Noticed a nine-headed hydra
  1535 | D:9      | Noticed qborf's ghost (journeyman KoEn)
  1565 | D:9      | Killed an unseen horror
  1641 | D:10     | Reached XP level 10. HP: 58/91 MP: 7/7
  1645 | D:10     | Reached skill level 15 in Axes
  1690 | D:11     | Noticed a two-headed ogre
  1726 | D:11     | Noticed a four-headed hydra
  1760 | D:11     | Killed a four-headed hydra
  1844 | D:11     | Killed a two-headed ogre
  1844 | D:11     | Reached skill level 16 in Axes
  1855 | D:11     | Found Fygh's Antique Weapon Shop.
  1879 | D:11     | Killed an unseen horror
  1887 | D:11     | Noticed a two-headed ogre
  1899 | D:11     | Killed a two-headed ogre
  1908 | D:11     | Found a staircase to the Orcish Mines.
  1916 | Orc:1    | Entered Level 1 of the Orcish Mines
  1926 | Orc:1    | Noticed an orc sorcerer
  1929 | Orc:1    | Paralysed by an orc sorcerer for 3 turns
  1938 | Orc:1    | Killed an orc sorcerer
  1940 | Orc:1    | Reached XP level 11. HP: 46/97 MP: 7/7
  2031 | Orc:2    | Entered Level 2 of the Orcish Mines
  2067 | Orc:2    | Reached skill level 17 in Axes
  2082 | Orc:2    | Found a roughly hewn altar of Beogh.
  2096 | Orc:2    | Found a roughly hewn altar of Beogh.
  2149 | Orc:2    | Noticed an orc high priest
  2150 | Orc:2    | Noticed an orc sorcerer
  2150 | Orc:2    | Noticed an orc warlord
  2151 | Orc:2    | Noticed an orc sorcerer
  2153 | Orc:2    | Noticed a sun demon
  2153 | Orc:2    | Noticed an orc sorcerer
  2154 | Orc:2    | Found Coicluw's Antique Armour Emporium.
  2156 | Orc:2    | Noticed an orc knight
  2157 | Orc:2    | Killed an orc sorcerer
  2157 | Orc:2    | Killed an orc sorcerer
  2157 | Orc:2    | Killed an orc sorcerer
  2158 | Orc:2    | Killed an orc high priest
  2161 | Orc:2    | Killed an orc warlord
  2161 | Orc:2    | Reached skill level 18 in Axes
  2163 | Orc:2    | Killed an orc knight
  2171 | Orc:2    | Gained mutation: You cannot train Dodging skill. [Ru
                  | sacrifice]
  2171 | Orc:2    | Reached *** piety under Ru
  2186 | Orc:2    | Found Ynitest's Antique Weapon Shoppe.
  2187 | Orc:2    | Found a roughly hewn altar of Beogh.
  2203 | Orc:2    | Bought a warped chain mail for 285 gold pieces
  2213 | Orc:2    | Identified the +4 chain mail of the Disturbing Realms
                  | {rCorr} (You bought it in a shop on level 2 of the Orcish
                  | Mines)
  2219 | Orc:2    | Bought a broad axe for 120 gold pieces
  2281 | Orc:2    | Found a roughly hewn altar of Beogh.
  2286 | Orc:2    | Noticed an orc sorcerer
  2298 | Orc:2    | Killed an orc sorcerer
  2299 | Orc:2    | Found Inaremme's Gadget Shop.
  2361 | Orc:1    | Noticed an orc sorcerer
  2376 | Orc:1    | Killed an orc sorcerer
  2442 | Orc:2    | Found a staircase to the Elven Halls.
  2549 | D:11     | Reached XP level 12. HP: 68/106 MP: 9/9
  2622 | D:12     | Noticed a two-headed ogre
  2817 | D:10     | Noticed a two-headed ogre
  2831 | D:10     | Killed a two-headed ogre
  2935 | D:10     | Found a staircase to the Lair.
  2977 | D:9      | Bought a condenser vane (2/2) for 440 gold pieces
  3007 | Lair:1   | Entered Level 1 of the Lair of Beasts
  3031 | Lair:1   | Noticed an eight-headed hydra
  3047 | Lair:1   | Killed an eight-headed hydra
  3047 | Lair:1   | Reached skill level 5 in Armour
  3047 | Lair:1   | Reached skill level 5 in Shields
  3054 | Lair:1   | Noticed Gastronok
  3077 | Lair:1   | Killed Gastronok
  3200 | Lair:2   | Gained mutation: You are slightly vulnerable to magic.
                  | (MR-) [Ru sacrifice]
  3200 | Lair:2   | Reached **** piety under Ru
  3263 | Lair:2   | Found a staircase to the Snake Pit.
  3291 | Lair:3   | Noticed Fannar
  3329 | Lair:3   | Killed Fannar
  3329 | Lair:3   | Reached skill level 5 in Spellcasting
  3441 | Lair:4   | Noticed a seven-headed hydra
  3453 | Lair:4   | Killed a seven-headed hydra
  3565 | Lair:4   | Noticed a five-headed hydra
  3578 | Lair:4   | Killed a five-headed hydra
  3710 | Lair:4   | Noticed a death yak
  3711 | Lair:4   | Noticed a death yak
  3711 | Lair:4   | Noticed a death yak
  3748 | Lair:3   | Reached skill level 1 in Evocations
  3925 | Lair:3   | Quit the game

Illustrated notes

Levels and vault maps discovered:
D:1:      scummos_arrival_forest, layout_basic
D:2:      layout_loops_ring, kiku_gazebo_pond_becter, makhleb_grotto_becter,
          kennysheep_cross_room, kennysheep_cluttered_room,
          okawaru_altar_gauntlet_db, uniq_robin, uniq_jessica
D:3:      layout_basic, grunt_temple_overflow_opulence,
          nicolae_overflow_crystal_walls
D:4:      layout_loops_cross, lemuel_doored_altar, serial_shops, shop,
          uniq_blork_the_orc
D:5:      cheibrodos_fzero, layout_loops_cross
D:6:      layout_loops_ring, xom_butterflies, marbit_many_paths,
          minmay_temple_entry_wispy, serial_shops, shop, uniq_menkaure,
          uniq_maggie, uniq_grinder
D:7:      layout_cave_pools, trog_ov_bears_minmay
D:8:      layout_loops_cross, kennysheep_little_box, basic_altar
D:9:      layout_loops_ring, nicolae_overflow_hidden_temple, lemuel_round_altar,
          serial_shops, shop, shop, nicolae_shop_overgrown_old_shop,
          shop_fountains, gammafunk_ghost_hydra_chop
D:10:     layout_basic, dpeg_oklobed_lair, ebering_ghost_gozag,
          nicolae_straight_to_the_point, uniq_nergalle, uniq_psyche
D:11:     layout_loops_corners, orc_0_dummy, serial_shops, shop
D:12:     layout_loops_cross
Temple:   jpeg_temple_island
Lair:1:   layout_roguey, roderic_batcave, wad_woods_river_03,
          minmay_lair_oklob_chamber, infiniplex_staircase_pool, uniq_gastronok
Lair:2:   layout_regular_city, minmay_snake_entry_guardpost_medium, st_stairs_8
Lair:3:   lemuel_ratsnest, layout_cave_pods, minmay_swamp_entry_eels,
          serial_bayou_pond_a, grunt_forest_small_clearings, uniq_fannar
Lair:4:   layout_long_grid
Orc:1:    layout_caves
Orc:2:    grunt_orc_community_town_hall, layout_caves,
          grunt_orc_community_big_house_2, grunt_orc_community_big_house_1,
          grunt_orc_community_house_3, grunt_orc_community_house_1,
          grunt_orc_community_house_2, grunt_orc_community_house_1,
          grunt_orc_community_house_2, grunt_orc_community_house_2,
          serial_shops, shop

Skill      XL: |  1  2  3  4  5  6  7  8  9 10 11 12 |
---------------+-------------------------------------+-----
Axes           | 3 5 6 7 8 13 12 14 16 18 | 18.4
Spellcasting   | 3 5 |  5.5
Fighting       | 4 5 6 7 |  7.9
Armour         | 4 6 |  6.9
Shields        | 4 6 |  6.9
Evocations     | 2 |  2.0

Action                   |  1- 3 |  4- 6 |  7- 9 | 10-12 || total
-------------------------+-------+-------+-------+-------++-------
Melee: War axe           |    31 |    63 |   375 |   124 ||   593
       Unarmed           |       |       |       |    25 ||    25
       Broad axe         |       |       |       |   437 ||   437
Throw: Dart              |       |       |    14 |     6 ||    20
Invok: Sacrifice Experie |       |       |     1 |       ||     1
       Draw Out Power    |       |       |       |    17 ||    17
       Sacrifice Nimblen |       |       |       |     1 ||     1
       Sacrifice Essence |       |       |       |     1 ||     1
 Abil: Heal Wounds       |     2 |    10 |    27 |    23 ||    62
Evoke: Wand              |       |       |     1 |    10 ||    11
       Condenser vane    |       |       |       |     2 ||     2
  Use: Scroll            |       |     3 |     5 |    11 ||    19
       Potion            |       |       |       |     6 ||     6
 Stab: Invisible         |       |       |       |     8 ||     8
       Distracted        |       |       |       |     2 ||     2
       Petrified         |       |       |       |     4 ||     4
Armor: Scale mail        |    22 |    41 |    55 |       ||   118
       Plate armour      |       |       |   175 |    59 ||   234
       Skin              |       |       |       |   101 ||   101
       Chain mail        |       |       |       |   186 ||   186
Dodge: Dodged            |     6 |    38 |   101 |   212 ||   357
Block: Kite shield       |    17 |    49 |   218 |   311 ||   595

Table legend: (Time is in decaauts)
 A = Elapsed time spent in this place.
 B = Non-inter-level travel time spent in this place.
 C = Inter-level travel time spent in this place.
 D = Time resting spent in this place.
 E = Time spent auto-exploring this place.
 F = Levels seen in this place.
 G = Mean time per level.
                   A        B        C        D        E       F      G
               +--------+--------+--------+--------+--------+-----+--------+
         Total |   3920 |   3825 |     95 |      0 |      0 |  19 |  206.3 |
       Dungeon |   2361 |   2277 |     84 |      0 |      0 |  12 |  196.8 |
        Temple |     71 |     60 |     11 |      0 |      0 |   1 |   71.0 |
          Lair |    956 |    956 |      0 |      0 |      0 |   4 |  239.0 |
  Orcish Mines |    531 |    531 |      0 |      0 |      0 |   2 |  265.5 |
               +--------+--------+--------+--------+--------+-----+--------+

Top non-repeatable levels by time:
    D:11: 515 daAuts
     D:9: 446 daAuts
    D:10: 427 daAuts
   Orc:2: 359 daAuts
  Lair:4: 354 daAuts
  Lair:3: 289 daAuts
     D:5: 227 daAuts
     D:8: 225 daAuts
  Lair:1: 219 daAuts
   Orc:1: 171 daAuts
     D:7: 170 daAuts
     D:3: 160 daAuts
     D:6: 110 daAuts
  Lair:2: 92 daAuts
  Temple: 71 daAuts
